 Dungeon Crawl Stone Soup version 0.22.1-6-g1668fe2c40 (webtiles) character file.

3490 Revguard the Cleaver (level 9, -10/121 HPs)
             Began as a Minotaur Berserker on Dec 16, 2018.
             Was an Elder of Trog.
             Mangled by a cyclops (22 damage)
             ... on level 8 of the Dungeon on Jan 19, 2019.
             The game lasted 00:37:18 (5167 turns).

Revguard the Cleaver (Minotaur Berserker)           Turns: 5167, Time: 00:37:18

Health: -10/121    AC: 26    Str: 24    XL:     9   Next: 80%
Magic:  8/8        EV:  2    Int:  4    God:    Trog [****..]
Gold:   140        SH:  0    Dex: 16    Spells: 8/8 levels left

rFire    . . .     SeeInvis .   s - +0 war axe
rCold    . . .     Gourm    .   (no shield)
rNeg     + + +     Faith    .   (armour currently unavailable)
rPois    +         Spirit   .   (helmet currently unavailable)
rElec    .         Reflect  .   (cloak currently unavailable)
rCorr    .         Harm     .   (gloves currently unavailable)
MR       ++...     NoTele   +   (boots currently unavailable)
Stlth    ++........             (no amulet)
HPRegen  1.30/turn              g - +2 ring of protection
MPRegen  0.11/turn              v - +2 ring of evasion

@: agile, tree-form, berserk cooldown, regenerating, slowed, very slow
A: (retaliatory headbutt)
a: Berserk, Trog's Hand, Brothers in Arms, Renounce Religion


You were on level 8 of the Dungeon.
You worshipped Trog.
Trog was greatly pleased with you.
You were not hungry.
You were a tree.
You visited 2 branches of the dungeon, and saw 9 of its levels.

You collected 361 gold pieces.
You spent 221 gold pieces at shops.

Inventory:

Hand Weapons
 a - a +1 triple crossbow of freezing
 s - a +0 war axe (weapon)
Missiles
 u - 12 bolts (quivered)
Armour
 m - a +0 chain mail
 n - a +1 hat (melded)
 o - a +0 pair of boots (melded)
 w - +0 steam dragon scales (melded)
Jewellery
 b - an uncursed ring of protection from magic
 g - a +2 ring of protection (left branch)
 q - an uncursed ring of stealth
 v - a +2 ring of evasion (right branch)
 y - an uncursed ring of poison resistance {unknown}
Wands
 z - a wand of flame (15)
Scrolls
 d - 4 scrolls of teleportation
 f - 3 scrolls of remove curse
 i - a scroll of immolation
 j - a scroll of amnesia
 p - a scroll of magic mapping
 t - a scroll of blinking {unknown}
Potions
 e - 2 potions of flight
 h - a potion of lignification
 k - a potion of might
 l - a potion of resistance
 r - 2 potions of curing
 B - a potion of haste
Comestibles
 c - 10 rations


   Skills:
 + Level 8.0 Fighting
 + Level 11.7 Axes
 * Level 4.8 Crossbows
 + Level 7.2 Armour
 + Level 4.8 Dodging


You had 8 spell levels left.
You didn't know any spells.
Your spell library was empty.

Dungeon Overview and Level Annotations

Branches:
Dungeon (8/15)             Temple (1/1) D:6            Lair (0/6) D:8

Altars:
Ashenzari
Cheibriados
Dithmenos
Elyvilon
Fedhas
Gozag
Hepliaklqana
Kikubaaqudgha
Makhleb
Nemelex Xobeh
Okawaru
Qazlal
Ru
Sif Muna
Trog
Uskayaw
Vehumet
Wu Jian
Xom
Yredelemnul
Zin
The Shining One

Shops:
D:5 (


Innate Abilities, Weirdness & Mutations

((You reflexively headbutt those who attack you in melee.))
((You have a pair of horns on your head.))


Message History

The cyclops hits you but does no damage.
The elephant tramples you but does no damage.
The elephant trunk-slaps you but does no damage.
The cyclops hits you but does no damage.
You slice the cyclops!!
The cyclops is heavily wounded.
You completely miss the elephant. The elephant tramples you.
* * * LOW HITPOINT WARNING * * *
The elephant trunk-slaps you but does no damage.
The cyclops completely misses you.
You slash the cyclops!
The cyclops is severely wounded.
You hit the elephant but do no damage.
The elephant tramples you but does no damage.
The elephant trunk-slaps you but does no damage.
Your two-headed ogre rages.
The elephant tramples you but does no damage.
The elephant trunk-slaps you but does no damage.
The cyclops hits you!!
You die...

.....#,#.#,#.........#.....,,,,,,
.....#.#.#,#.........#.....,>,,,,
.....#.#.#,#..(...........H,,,,,,
.......#.#>#...............,,,,,,
.....###.###......(..#,,*,,,,,,,*
....(............(...#,,*,,,,,,,*
#.####....#.....#)####,,**,,,,,**
#.#.........(..C#.# *,,***,,,***
#.#.##$.#......Y♣O# *,,,,,,,,* *
................###*****,****,* *
#.#.#.....#.....# *,,,,,* *,* *
#.#,+.....#.##### *,,,,,* *,***
*,**#.....#.#*******,,,,,****+*,,
*,,,+.....#..,,,,,,,,,,,,**,,,,,,
****#....####*******,,,,,**,,,,,,
#!...* *,,,,,**,,,,,, ##...*
***********,,,,,,


You could see an elephant, a cyclops and a friendly two-headed ogre (berserk).

Vanquished Creatures
  A hungry ghost (D:8)
  An orc warrior (D:7)
  A water moccasin (D:6)
  2 sky beasts
  A black bear (D:5)
  An ice beast (D:7)
  2 phantoms (D:4)
  2 ogres (D:4)
  4 bullfrogs
  Blork the orc (D:5)
  A wyvern skeleton (D:6)
  2 scorpions
  A crimson imp (D:5)
  3 howler monkeys (D:7)
  12 orc priests
  A centaur skeleton (D:6)
  2 hounds
  A jelly (D:6)
  10 orc wizards
  Jessica (D:3)
  2 bullfrog skeletons
  Natasha (thrice) (D:4)
  5 worker ants
  A worker ant zombie (D:5)
  Robin (D:4)
  11 adders
  2 howler monkey skeletons
  2 shadow imps
  An ooze (D:2)
  2 adder skeletons
  3 worms
  2 dart slugs
  5 leopard geckos
  32 orcs
  4 giant cockroaches
  15 goblins
  11 hobgoblins
  7 jackals
  10 kobolds
  4 ball pythons
  7 bats
  2 frilled lizards
  5 rats
187 creatures vanquished.

Vanquished Creatures (collateral kills)
  A hippogriff (D:8)
  A steam dragon (D:7)
  A hungry ghost (D:8)
  A basilisk (D:8)
  A phantom (D:7)
  A centaur (D:8)
  A crocodile (D:8)
  A crimson imp (D:7)
  A centaur zombie (D:7)
9 creatures vanquished.

Grand Total: 196 creatures vanquished

Notes
Turn   | Place    | Note
-------+----------+-------------------------------------------
     0 | D:1      | Revguard the Minotaur Berserker began the quest for the
                  | Orb.
     0 | D:1      | Reached XP level 1. HP: 19/19 MP: 0/0
   135 | D:1      | Reached XP level 2. HP: 19/27 MP: 1/1
   176 | D:1      | Reached skill level 4 in Axes
   456 | D:2      | Reached XP level 3. HP: 31/33 MP: 2/2
   462 | D:2      | Reached ** piety under Trog
   729 | D:2      | Found a faded altar of an unknown god.
   738 | D:2      | Reached XP level 4. HP: 41/41 MP: 3/3
   900 | D:2      | Reached skill level 5 in Axes
  1215 | D:3      | Reached XP level 5. HP: 39/47 MP: 4/4
  1360 | D:3      | Upgraded the game from 0.22.1-2-g9c5b331383 to
                  | 0.22.1-6-g1668fe2c40
  1404 | D:3      | Noticed Jessica
  1414 | D:3      | Killed Jessica
  1522 | D:4      | Noticed Robin
  1526 | D:4      | Noticed an ogre
  1530 | D:4      | Noticed a phantom
  1532 | D:4      | Killed Robin
  1532 | D:4      | Reached skill level 5 in Fighting
  1535 | D:4      | Killed an ogre
  1535 | D:4      | Reached skill level 6 in Axes
  1535 | D:4      | Reached XP level 6. HP: 27/56 MP: 5/5
  1648 | D:4      | Reached skill level 7 in Axes
  1671 | D:4      | Reached XP level 7. HP: 52/61 MP: 6/6
  1686 | D:4      | Reached *** piety under Trog
  1749 | D:4      | Noticed Natasha
  1762 | D:4      | Killed Natasha
  1804 | D:4      | Noticed Natasha
  1813 | D:4      | Killed Natasha
  1821 | D:4      | Noticed Natasha
  1830 | D:4      | Killed Natasha
  1830 | D:4      | Reached skill level 8 in Axes
  2097 | D:5      | Entered Level 5 of the Dungeon
  2177 | D:5      | Found Nelytumm's Antique Weapon Emporium.
  2188 | D:5      | Bought a runed triple crossbow for 221 gold pieces
  2226 | D:5      | Reached XP level 8. HP: 67/70 MP: 7/7
  2255 | D:5      | Reached skill level 9 in Axes
  2255 | D:5      | Reached skill level 5 in Armour
  2290 | D:5      | Noticed Blork the orc
  2456 | D:5      | Reached **** piety under Trog
  2477 | D:5      | Reached skill level 1 in Crossbows
  2579 | D:5      | Found a deep blue altar of Sif Muna.
  2887 | D:5      | Killed Blork the orc
  3009 | D:6      | Found a glowing golden altar of the Shining One.
  3273 | D:6      | Reached skill level 10 in Axes
  3299 | D:6      | Found a staircase to the Ecumenical Temple.
  3307 | Temple   | Entered the Ecumenical Temple
  4007 | D:6      | Reached XP level 9. HP: 79/79 MP: 8/8
  4250 | D:7      | Reached skill level 11 in Axes
  5125 | D:8      | Noticed a cyclops
  5127 | D:8      | Noticed an elephant
  5167 | D:8      | Mangled by a cyclops

Skill      XL: |  1  2  3  4  5  6  7  8  9 |
---------------+----------------------------+-----
Axes           | 4 5 6 7 8 10 11 | 11.7
Fighting       | 4 5 6 7 8 |  8.0
Armour         | 3 4 6 7 |  7.2
Dodging        | 3 4 |  4.8
Crossbows      | 3 4 |  4.8

Action                   |  1- 3 |  4- 6 |  7- 9 || total
-------------------------+-------+-------+-------++-------
Melee: Hand axe          |    64 |    94 |    39 ||   197
       Headbutt          |     8 |    11 |    44 ||    63
       War axe           |       |       |   236 ||   236
 Fire: Triple crossbow   |       |       |     5 ||     5
Invok: Berserk           |     2 |     2 |     3 ||     7
       Trog's Hand       |       |     2 |     3 ||     5
       Brothers in Arms  |       |       |     2 ||     2
  Use: Scroll            |       |       |    12 ||    12
       Potion            |       |       |     4 ||     4
  Eat: Chunk             |     2 |     5 |     8 ||    15
       Ration            |       |       |     4 ||     4
Armor: Leather armour    |    19 |       |       ||    19
       Chain mail        |     7 |    53 |   160 ||   220
       Steam dragon scal |       |       |    21 ||    21
       Skin              |       |       |     9 ||     9
Dodge: Dodged            |    48 |    58 |   159 ||   265
